 Dungeon Crawl Stone Soup version 0.31-a0-986-g5e6e4ef867 (webtiles) character file.

Game seed: 14788975782660288255

35 Demosthentine the Ducker (level 3, 28/28 HPs)
             Began as a Demonspawn Gladiator on Nov 15, 2023.
             Got out of the dungeon alive.
             The game lasted 00:00:52 (464 turns).

Demosthentine the Ducker (Demonspawn Gladiator)      Turns: 464, Time: 00:00:52

Health: 28/28      AC:  4    Str: 16    XL:     3   Next: 16%
Magic:  3/3        EV: 12    Int:  9    God:
Gold:   44         SH:  4    Dex: 14    Spells: 2/2 levels left

rFire   . . .        a - +0 trident
rCold   . . .        (no shield)
rNeg    . . .        b - +0 leather armour
rPois   .            c - +0 helmet
rElec   .            (no cloak)
rCorr   .            (no gloves)
SInv    .            (no boots)
Will    .....        (no amulet)
Stlth   +            (no ring)
HPRegen 0.24/turn    (no ring)
MPRegen 0.08/turn

%: no passive effects
@: no status effects
A: claws 1, large bone plates 1
a: no special abilities


You escaped.
You visited 1 branch of the dungeon, and saw 1 of its levels.

You collected 44 gold pieces.

Inventory:

Hand Weapons
 a - a +0 trident (weapon)
Missiles
 d - 3 throwing nets (quivered)
 e - 7 javelins
Armour
 b - a +0 leather armour (worn)
 c - a +0 helmet (worn)
Jewellery
 i - a +5 ring of evasion
Scrolls
 f - a scroll of identify {unknown}
 h - a scroll of vulnerability {unknown}
Potions
 g - a potion of haste {unknown}


   Skills:
 + Level 2.4 Fighting
 + Level 3.0 Polearms
 - Level 1.7 Throwing
 + Level 1.1 Armour
 + Level 3.1 Dodging


You had 2 spell levels left.
You didn't know any spells.
Your spell library was empty.

Dungeon Overview and Level Annotations

Branches:
Dungeon (1/15)

Altars:

Shops:
D:1 !


Innate Abilities, Weirdness & Mutations

You have sharp fingernails.
You are partially covered in large bone plates. (SH +4)


Message History

You puncture the frilled lizard!
You kill the frilled lizard!
No target in view!
No target in view!
No target in view!
Found a scroll labelled TAFEID SOMENK.
A goblin comes into view. It is wielding a +0 dagger.
Found a hand axe, 10 gold pieces and a dagger.
The goblin shouts!
You hear a shout!
You reach to attack!
You puncture the goblin!
You kill the goblin!
No target in view!
No target in view!
No target in view!
A kobold comes into view. It is wielding a +0 short sword.
The kobold throws a stone.
The stone closely misses you.
You reach to attack!
You closely miss the kobold. You hit the kobold but do no damage.
The kobold closely misses you.
You closely miss the kobold.
The kobold hits you with a +0 short sword.
You closely miss the kobold. The kobold hits you but does no damage.
The kobold barely misses you.
You hit the kobold but do no damage.
A quokka comes into view.
The kobold barely misses you.
You barely miss the kobold. The kobold closely misses you.
You puncture the kobold!
You kill the kobold!
You reach to attack!
You hit the quokka.
The quokka is lightly wounded.
The quokka bites you but does no damage.
You puncture the quokka!
You kill the quokka!
No target in view!
No target in view!
No target in view!
You see here a +0 dagger.
There is an open door here.
There is a staircase leading out of the dungeon here.
You have escaped!

##....# ##....## ###
##..##..## ##.##
#...#..#.## ##...##
##.....##.# ##.....##
#..##..##.
##.......#####.....#.#
##.........##...###.###
+.....@.....'.### #.
#####...#####.# ..
##.## ..# ### #.# ####
#.# #.# #+#


There were no monsters in sight!

Vanquished Creatures
  A dart slug (D:1)
  2 bats (D:1)
  An endoplasm (D:1)
  2 giant cockroaches (D:1)
  3 goblins (D:1)
  2 hobgoblins (D:1)
  7 jackals (D:1)
  3 kobolds (D:1)
  2 quokkas (D:1)
  2 frilled lizards (D:1)
  A rat (D:1)
26 creatures vanquished.

Notes
Turn   | Place    | Note
-------+----------+-------------------------------------------
     0 | D:1      | Demosthentine the Demonspawn Gladiator began the quest for
                  | the Orb.
     0 | D:1      | Reached XP level 1. HP: 16/16 MP: 1/1
    83 | D:1      | Gained mutation: You are partially covered in large bone
                  | plates. (SH +4) [demonic ancestry]
    83 | D:1      | Reached XP level 2. HP: 13/22 MP: 2/2
   219 | D:1      | Found Biff's Distillery.
   292 | D:1      | Reached skill level 1 in Armour
   398 | D:1      | Gained mutation: You have sharp fingernails. [demonic
                  | ancestry]
   398 | D:1      | Reached XP level 3. HP: 28/28 MP: 3/3
   464 | D:$      | Got out of the dungeon alive.

Illustrated notes

Levels and vault maps discovered:
D:1:      mrwooster_arrival_arrow, layout_rooms, serial_shops, shop,
          amethyst_killhole, minmay_heptomino_d4

Skill      XL: |  1  2 |
---------------+-------+-----
Dodging        | 3 |  3.1
Polearms       | 3 |  3.0
Armour         | 1 |  1.1
Fighting       | |  2.4
Throwing       | |  1.7

Action                     || total
---------------------------++-------
  Melee: Trident           ||    91
   Stab: Sleeping          ||     1
 Armour: Leather armour    ||    56
  Dodge: Dodged            ||    74
  Block: Other             ||    13

Table legend: (Time is in decaauts)
 A = Elapsed time spent in this place.
 B = Non-inter-level travel time spent in this place.
 C = Inter-level travel time spent in this place.
 D = Time resting spent in this place.
 E = Time spent auto-exploring this place.
 F = Levels seen in this place.
 G = Mean time per level.
                   A        B        C        D        E       F      G
               +--------+--------+--------+--------+--------+-----+--------+
         Total |    477 |    477 |      0 |      0 |    278 |   1 |  477.0 |
       Dungeon |    477 |    477 |      0 |      0 |    278 |   1 |  477.0 |
               +--------+--------+--------+--------+--------+-----+--------+

Top non-repeatable levels by time:
     D:1: 477 daAuts
